 Dungeon Crawl Stone Soup version 0.28-a0-1616-g050a50673c (webtiles) character file.

Game seed: 15883911707891496680

3 ragingrage the Charlatan (level 1, 0/12 HPs)
             Began as a Gargoyle Artificer on Jan 22, 2022.
             Slain by a ball python (2 damage)
             ... on level 1 of the Dungeon.
             The game lasted 00:00:12 (73 turns).

ragingrage the Charlatan (Gargoyle Artificer)         Turns: 73, Time: 00:00:12

Health: 0/12       AC:  5    Str: 15    XL:     1   Next: 50%
Magic:  1/1        EV:  8    Int: 11    God:
Gold:   16         SH:  0    Dex: 10    Spells: 0/0 levels left

rFire   . . .      SeeInvis .   a - +0 club
rCold   . . .      Faith    .   (no shield)
rNeg    + . .      Spirit   .   b - +0 leather armour
rPois   ∞          Reflect  .   (no helmet)
rElec   +          Harm     .   (no cloak)
rCorr   .          Rampage  .   (no gloves)
Will    .....                   (no boots)
Stlth   +.........              (no amulet)
HPRegen 0.04/turn               (no ring)
MPRegen 0.07/turn               (no ring)

@: constricted
A: sickness immunity, AC +2, negative energy resistance 1, electricity
resistance, torment resistance 1, petrification resistance
a: no special abilities


You were on level 1 of the Dungeon.
You visited 1 branch of the dungeon, and saw 1 of its levels.

You collected 16 gold pieces.

Inventory:

Hand Weapons
 a - a +0 club (weapon)
Armour
 b - a +0 leather armour (worn)
Wands
 c - a wand of flame (15) (quivered)
 d - a wand of charming (15)
Miscellaneous
 e - a piece from Xom's chessboard (15/15)


   Skills:
 + Level 1.2 Fighting
 + Level 2.2 Armour
 + Level 0.8 Dodging
 + Level 1.2 Stealth
 + Level 2.7 Evocations


You couldn't memorise any spells.
You didn't know any spells.
Your spell library was empty.

Dungeon Overview and Level Annotations

Branches:
Dungeon (1/15)

Altars:


Innate Abilities, Weirdness & Mutations

You are immune to sickness and miasma.
Your stone body is resilient. (AC +2)
You are immune to poison.
You resist negative energy. (rN+)
You are resistant to electric shocks. (rElec)
You are resistant to unholy torment.
You are immune to petrification.


Message History

The giant cockroach is lightly wounded.
You hear a shout!
The giant cockroach bites you but does no damage.
The giant cockroach bites you.
* * * LOW HITPOINT WARNING * * *
You barely miss the giant cockroach.
The giant cockroach is lightly wounded.
The giant cockroach bites you but does no damage.
You hit the giant cockroach.
The giant cockroach is heavily wounded.
A hobgoblin comes into view.
The giant cockroach barely misses you.
The ball python bites you but does no damage.
The ball python barely misses you. The giant cockroach barely misses you.
You closely miss the giant cockroach.
The giant cockroach is heavily wounded.
The hobgoblin shouts!
The ball python barely misses you. The ball python grabs you.
The ball python constricts you. The giant cockroach barely misses you.
The ball python bites you but does no damage.
The ball python constricts you.
* * * LOW HITPOINT WARNING * * *
You barely miss the giant cockroach.
The giant cockroach is heavily wounded.
The giant cockroach bites you but does no damage.
The goblin hits you with a +0 club.
* * * LOW HITPOINT WARNING * * *
The ball python bites you but does no damage.
The ball python constricts you. The giant cockroach closely misses you.
The goblin hits you but does no damage.
You barely miss the giant cockroach.
The giant cockroach is heavily wounded.
The ball python barely misses you. The ball python constricts you.
The giant cockroach closely misses you. The goblin barely misses you.
The ball python barely misses you. The ball python constricts you.
You hit the giant cockroach but do no damage.
The giant cockroach is heavily wounded.
A bat comes into view.
The giant cockroach barely misses you. The ball python bites you.
You die...

#### #########
...###.......#
.......##.##.#
...###.#...#.####
...# #...........
#### #.#...#.## #
#.##.##.##### #
#..)......B@#
#.##.##....Sg......
#.##.##.####g###..#
#.##.##.# ..?
#.##.##.# .b(# #.
#.##.. .### #.
#.##.# .. #. #.##?#
#.


You could see a giant cockroach, a hobgoblin, a goblin, a bat and a ball python.

Vanquished Creatures
  A goblin (D:1)
  A frilled lizard (D:1)
  2 rats (D:1)
4 creatures vanquished.

Notes
Turn   | Place    | Note
-------+----------+-------------------------------------------
     0 | D:1      | ragingrage the Gargoyle Artificer began the quest for the
                  | Orb.
     0 | D:1      | Reached XP level 1. HP: 12/12 MP: 1/1
    73 | D:1      | Slain by a ball python

Illustrated notes

Levels and vault maps discovered:
D:1:      amcnicky_arrival_gap_in_the_tavern_cellar, layout_loops_corners,
          minmay_octomino_c4

Action                   || total
-------------------------++-------
Melee: Club              ||    29
Armor: Leather armour    ||    13
Dodge: Dodged            ||    29

Table legend: (Time is in decaauts)
 A = Elapsed time spent in this place.
 B = Non-inter-level travel time spent in this place.
 C = Inter-level travel time spent in this place.
 D = Time resting spent in this place.
 E = Time spent auto-exploring this place.
 F = Levels seen in this place.
 G = Mean time per level.
                   A        B        C        D        E       F      G
               +--------+--------+--------+--------+--------+-----+--------+
         Total |     81 |     81 |      0 |      0 |     28 |   1 |   81.0 |
       Dungeon |     81 |     81 |      0 |      0 |     28 |   1 |   81.0 |
               +--------+--------+--------+--------+--------+-----+--------+

Top non-repeatable levels by time:
     D:1: 81 daAuts
